 Dungeon Crawl Stone Soup version 0.23.1 (webtiles) character file.

Game seed: 1786790701896599328

132 teukkam the Shield-Bearer (level 4, -4/41 HPs)
             Began as a Minotaur Fighter on Mar 13, 2019.
             Killed from afar by Dowan (9 damage)
             ... with a puff of flame
             ... on level 4 of the Dungeon.
             The game lasted 00:02:29 (631 turns).

teukkam the Shield-Bearer (Minotaur Fighter)         Turns: 631, Time: 00:02:31

Health: -4/41      AC:  7    Str: 22    XL:     4   Next: 92%
Magic:  3/3        EV:  7    Int:  5    God:
Gold:   65         SH:  9    Dex:  9    Spells: 3/3 levels left

rFire    . . .     SeeInvis .   a - +0 war axe
rCold    . . .     Gourm    .   c - +0 shield
rNeg     . . .     Faith    .   b - +0 scale mail
rPois    +         Spirit   .   (helmet restricted)
rElec    .         Reflect  .   (no cloak)
rCorr    .         Harm     .   (no gloves)
MR       .....                  (no boots)
Stlth    ..........             (no amulet)
HPRegen  0.13/turn              j - ring of poison resistance
MPRegen  0.08/turn              (no ring)

@: no status effects
A: retaliatory headbutt, horns 2
a: no special abilities


You were on level 4 of the Dungeon.
You were not hungry.

You visited 1 branch of the dungeon, and saw 3 of its levels.

You collected 65 gold pieces.

Inventory:

Hand Weapons
 a - a +0 war axe (weapon)
Missiles
 h - 4 javelins (quivered)
 i - 11 poisoned needles
Armour
 b - a +0 scale mail (worn)
 c - a +0 shield (worn)
Jewellery
 j - a ring of poison resistance (left hand)
Comestibles
 d - a chunk of flesh
 f - 2 rations


   Skills:
 + Level 4.4 Fighting
 + Level 3.5 Axes
 + Level 1.7 Throwing
 + Level 4.4 Armour
 + Level 4.4 Shields


You had 3 spell levels left.
You didn't know any spells.
Your spell library contained the following spells:

 Spells                   Type           Power        Failure   Level  Hunger
 Ensorcelled Hibernation  Hex/Ice        #.....       100%        2    ###....
 Slow                     Hex            #.......     100%        2    ###....
 Dazzling Spray           Conj/Hex       #.....       100%        3    ####...
 Fulminant Prism          Conj/Hex       #.........   100%        4    #####..
 Passage of Golubria      Tloc           N/A          100%        4    #####..


Dungeon Overview and Level Annotations

Branches:
Dungeon (2/15)

Altars:
Qazlal

Annotations:
D:4 Dowan, Duvessa


Innate Abilities, Weirdness & Mutations

You reflexively headbutt those who attack you in melee.
You have a pair of horns on your head.


Message History

You hit Duvessa. Your headbutt misses Duvessa.
Duvessa is moderately wounded.
Duvessa barely misses you. You block Duvessa's attack.
Dowan casts a spell.
Dowan blinks!
You aren't carrying any potions.
Your shield and scale mail prevent you from hitting Duvessa.
Duvessa is moderately wounded.
Duvessa yells, "You can run, but you cannot escape us forever!"
Duvessa hits you with a +0 short sword!
* * * LOW HITPOINT WARNING * * *
Dowan throws and catches a handful of magical flame, then smirks.
Duvessa closely misses you. You furiously retaliate!
You headbutt Duvessa! Duvessa hits you with a +0 short sword.
* * * LOW HITPOINT WARNING * * *
As you read the scroll of fear, it crumbles to dust.
You assume a fearsome visage.
Duvessa looks frightened!
Dowan points at you and mumbles some strange words.
The puff of flame hits you!
You die...

#..##.#####.# #..#.# #..#
#..##.## #.# #..#.###..#
#..#...####.# #.........#
..........#.# #........##
.......##.#.#
#.###...#####
#.>.......÷.## #...^...#
#..#...#..†..## #####.#.#
...##.#.......#######e#.#
................@.......#
##...............†....###
####.........########
##.......## ##.....##
##...## ####


You could see Dowan.

Vanquished Creatures
  Blork the orc (D:4)
  A worker ant (D:4)
  3 adders (D:4)
  A worm (D:4)
  A giant cockroach (D:4)
  4 hobgoblins
  A frilled lizard (D:4)
  A kobold (D:1)
13 creatures vanquished.

Notes
Turn   | Place    | Note
-------+----------+-------------------------------------------
     0 | D:1      | teukkam the Minotaur Fighter began the quest for the Orb.
     0 | D:1      | Reached XP level 1. HP: 19/19 MP: 0/0
    86 | D:1      | You fall through a shaft!
   163 | D:2      | Found a stormy altar of Qazlal.
   168 | D:2      | You fall through a shaft for 2 floors!
   346 | D:4      | Reached XP level 2. HP: 27/27 MP: 1/1
   359 | D:4      | Noticed Blork the orc
   366 | D:4      | Killed Blork the orc
   366 | D:4      | Reached skill level 1 in Throwing
   366 | D:4      | Reached XP level 3. HP: 15/33 MP: 2/2
   366 | D:4      | Reached XP level 4. HP: 18/40 MP: 3/3
   554 | D:4      | Identified the Volume of the Twisted Oath
   604 | D:4      | Noticed Dowan
   604 | D:4      | Noticed Duvessa
   631 | D:4      | Killed from afar by Dowan

Skill      XL: |  1  2 |
---------------+-------+-----
Fighting       | 4 |  4.4
Axes           | 3 |  3.5
Throwing       | 1 |  1.7
Armour         | 4 |  4.4
Shields        | 4 |  4.4

Action                   |  1- 3 |  4- 6 || total
-------------------------+-------+-------++-------
Melee: War axe           |    28 |    13 ||    41
       Headbutt          |     2 |       ||     2
  Use: Scroll            |     3 |     1 ||     4
       Potion            |     1 |       ||     1
Armor: Scale mail        |    18 |     7 ||    25
Dodge: Dodged            |    11 |     2 ||    13
Block: Shield            |    21 |    11 ||    32
